AoeStats
← Kingslayers_

Arena

510306495Analyzed
4v4 RM · 23h ago on Sep 30, 2026· 113m 22s· 8 players
Game mode
Random Map
Map size
Large (8 player)
Population
200
Speed
Normal
Resources
Standard
Victory
Conquest
Starting age
Dark Age
Ending age
Imperial Age
RankedLock teamsTeams togetherTeam positionsShared explorationLock speedFull tech treeHidden civsTurbo modeCheats
Victory
Defeat
🇨🇳 Franks · China
755
+15
🇹🇼 Teutons · Taiwan
700
+17
🇹🇷 Wu · Türkiye
696
+17
🇨🇳 Italians · China
682
+19
🇷🇺 Franks · Russia
747
-18
🇹🇷 Teutons · Türkiye
734
-17
🇮🇳 Ethiopians · India
722
-17
🇮🇹 Malay · Italy
714
-16
xxbysnipxx
11:16 Feudal Age
14:23 Double-Bit Axe
17:12 Castle Age
zivrisinek
0:32 Loom
18:18 Feudal Age
19:08 Man-at-Arms
19:34 Arson
22:21 Wheelbarrow
21:31 Town Watch
21:34 Double-Bit Axe
21:42 Stone Mining
21:47 Gold Mining
23:13 Forging
23:04 Scale Mail Armor
25:14 Fletching
25:25 Padded Archer Armor
29:37 Castle Age
29:48 Scale Barding Armor
30:42 Hand Cart
30:28 Town Patrol
30:40 Bow Saw
31:09 Stone Shaft Mining
30:19 Horse Collar
36:21 Imperial Age
33:57 Heavy Plow
35:15 Bodkin Arrow
35:36 Leather Archer Armor
35:58 Iron Casting
35:39 Chain Mail Armor
35:36 Caravan
38:15 Ring Archer Armor
37:35 Capped Ram
38:42 Conscription
39:37 Pikeman
40:18 Squires
41:20 Ironclad
41:45 Crop Rotation
42:27 Blast Furnace
43:29 Two-Man Saw
43:29 Hoardings
44:19 Masonry
44:31 Ballistics
45:11 Chemistry
44:58 Bloodlines
45:33 Plate Mail Armor
45:28 Cavalier
47:12 Chain Barding Armor
48:26 Onager
52:26 Plate Barding Armor
52:01 Halberdier
55:28 Siege Engineers
56:25 Crenellations
58:17 Siege Onager
61:38 Paladin
77:01 Elite Teutonic Knight
83:13 Fortified Wall
RESPECT
1:10 Loom
11:19 Feudal Age
12:13 Double-Bit Axe
16:19 Scale Barding Armor
19:21 Wheelbarrow
24:13 Castle Age
23:45 Forging
25:23 Bow Saw
26:19 Chain Barding Armor
27:49 Iron Casting
27:35 Husbandry
30:35 Fletching
35:17 Imperial Age
35:34 Hand Cart
35:44 Bodkin Arrow
36:14 Cavalier
37:47 Plate Barding Armor
42:23 Conscription
43:48 Blast Furnace
42:11 Paladin
43:01 Town Watch
43:58 Gold Mining
54:57 Elite Skirmisher
56:12 Light Cavalry
58:55 Hoardings
58:32 Chivalry
68:23 Padded Archer Armor
79:40 Ballistics
80:23 Chemistry
79:44 Ballistics
85:57 Gambesons
85:34 Man-at-Arms
86:16 Squires
87:32 Masonry
90:18 Siege Engineers
90:51 Long Swordsman
91:18 Elite Throwing Axeman
102:16 Pikeman
104:33 Halberdier
Kingslayers_
11:35 Feudal Age
16:25 Castle Age
15:31 Double-Bit Axe
25:37 Bow Saw
30:10 Wheelbarrow
32:26 Imperial Age
31:40 Forging
31:37 Scale Barding Armor
31:33 Padded Archer Armor
33:35 Chemistry
33:37 Horse Collar
34:15 Hand Cart
34:09 Elite Battle Elephant
39:14 Iron Casting
63:38 Husbandry
62:59 Light Cavalry
65:09 Gold Mining
65:10 Stone Mining
67:13 Heavy Plow
71:35 Onager
73:23 Forced Levy
72:52 Elite Karambit Warrior
76:55 Blast Furnace
84:26 Arson
84:41 Squires
84:02 Pikeman
85:45 Halberdier
103:15 Sappers
105:26 Elite Skirmisher
106:16 Thumb Ring
106:23 Thumb Ring
111:45 Padded Archer Armor
111:35 Fletching
113:03 Bodkin Arrow
Erdal Kömürcü
8:08 Loom
10:42 Feudal Age
11:47 Double-Bit Axe
11:44 Horse Collar
17:45 Wheelbarrow
20:12 Castle Age
21:05 Pikeman
21:45 Squires
22:05 Gold Mining
22:05 Stone Mining
23:17 Bow Saw
23:35 Forging
23:26 Scale Mail Armor
23:26 Padded Archer Armor
23:16 Fletching
25:35 Scale Barding Armor
29:52 Ballistics
30:15 Hand Cart
29:45 Town Watch
30:04 Heavy Plow
34:38 Imperial Age
37:26 Town Patrol
38:16 Heavy Hei Guang Cavalry
38:56 Husbandry
39:06 Bloodlines
41:00 Halberdier
41:56 Bloodlines
43:13 Stone Shaft Mining
43:13 Gold Shaft Mining
43:06 Sitting Tiger
43:26 Conscription
46:06 Two-Man Saw
45:04 Elite Fire Archer
49:08 Chemistry
48:14 Red Cliffs Tactics
49:10 Iron Casting
48:30 Bodkin Arrow
48:50 Leather Archer Armor
48:51 Chain Mail Armor
68:55 Plate Mail Armor
69:26 Blast Furnace
68:26 Bracer
91:37 Heavy Scorpion
93:27 Guard Tower
iiiqq-qwzaa---q
715113342
0:40 Loom
11:40 Feudal Age
17:29 Castle Age
33:59 Imperial Age
39:54 Chemistry
42:15 Pikeman
42:59 Squires
42:44 Arson
60:24 Halberdier
71:30 Wheelbarrow
73:25 Hand Cart
73:02 Double-Bit Axe
73:12 Stone Mining
73:15 Gold Mining
74:23 Bow Saw
79:00 Gold Shaft Mining
90:13 Scale Barding Armor
90:08 Scale Mail Armor
90:19 Forging
89:59 Fletching
90:10 Padded Archer Armor
96:55 Chain Barding Armor
96:50 Chain Mail Armor
Red Hood
9:42 Loom
11:47 Feudal Age
12:42 Double-Bit Axe
13:51 Horse Collar
16:27 Castle Age
17:29 Stone Mining
20:04 Stone Shaft Mining
25:02 Bow Saw
27:28 Fletching
27:39 Padded Archer Armor
32:06 Imperial Age
29:38 Bodkin Arrow
29:58 Leather Archer Armor
30:07 Gold Mining
30:54 Heavy Plow
31:13 Murder Holes
32:25 Ballistics
33:12 Conscription
33:18 Elite Genoese Crossbowman
35:28 Wheelbarrow
36:56 Bloodlines
36:47 Husbandry
37:50 Chemistry
37:20 Light Cavalry
39:17 Bracer
39:47 Ring Archer Armor
40:01 Scale Barding Armor
40:07 Forging
39:19 Hussar
41:16 Fortified Wall
44:18 Hand Cart
54:38 Iron Casting
54:24 Chain Barding Armor
54:34 Pikeman
55:14 Squires
55:00 Arson
57:48 Blast Furnace
57:24 Plate Barding Armor
59:15 Thumb Ring
59:55 Scale Mail Armor
66:01 Chain Mail Armor
68:55 Plate Mail Armor
71:34 Pirotechnia
109:34 Silk Road
Connection lost

Rejoining the realm…

Still unreachable

The connection could not be restored.

Session expired

The server has moved on; the page needs a fresh start.